 Dungeon Crawl Stone Soup version 0.30.0-10-gfe55d96785 (webtiles) character file.

Game seed: 16139694819135721921

424981 AlmostDecent the Conqueror (level 23, -4/140 HPs)
             Began as a Gargoyle Hunter on May 13, 2023.
             Was the Champion of Ashenzari.
             Killed from afar by a deep elf sorcerer (21 damage)
             ... with a bolt of acid
             ... on level 3 of the Elven Halls.
             The game lasted 03:10:04 (39592 turns).

AlmostDecent the Conqueror (Gargoyle Hunter)       Turns: 39592, Time: 03:10:05

Health: -4/140     AC: 42    Str: 19      XL:     23   Next: 79%
Magic:  22/23      EV: 31    Int:  6      God:    Ashenzari [******]
Gold:   4006       SH:  0    Dex: 29 (30) Spells: 22/22 levels left

rFire   . . .        I - +2 longbow of Supernal Gnosis {drain, Alch, Range} (curse)
rCold   . . .        (shield currently unavailable)
rNeg    + + .        O - +13 Cigotuvi's embrace {Corpsefed rMiasma Drain rN+, Self, Range} (curse)
rPois   ∞            k - +0 helmet "Gnostic Restlessness" {Evo, Fort} (curse)
rElec   +            a - scarf of Ashenzari's Dismay {repulsion, Range, Cun} (curse)
rCorr   .            E - +0 pair of gloves of Ashenzari's Paranoia {Bglg, Range} (curse)
SInv    +            c - +0 pair of boots "Lashed Failure" {Dex+6, Self, Range} (curse)
Will    +....        Q - amulet of Ouranomancy {Regen+, Cun, Range} (curse)
Stlth   +++++        m - ring of Toth-Mos's Legacy {Dex+6, Fort, Comp} (curse)
HPRegen 1.23/turn    z - ring "Per Aspera Ad Scientiam" {rElec rPois Slay+4, Alch, Range} (curse)
MPRegen 0.18/turn

%: repel missiles, clarity
@: flying, unable to read
A: sickness immunity, AC +17, big wings, negative energy resistance 1,
electricity resistance, torment resistance 1, petrification resistance, passive
freeze, strong 1, MP-powered wands, [berserk 2], [deterioration 1], [dopey 2],
[frail 2], [weak 2], [inability to read after injury 1]
}: 2/15 runes: serpentine, barnacled
a: Renounce Religion, Shatter the Chains


You were on level 3 of the Elven Halls.
You worshipped Ashenzari.
Ashenzari was exalted by your worship.
You visited 8 branches of the dungeon, and saw 38 of its levels.
You visited the Abyss 1 time.
You visited 3 bazaars.
You also visited: Ossuary, Bailey, Gauntlet, Ice Cave and Wizlab.

You collected 5769 gold pieces.
You spent 1763 gold pieces at shops.

Inventory:

Hand Weapons
 l - a +3 quarterstaff of chaos
 G - a +4 shortbow
 I - the cursed +2 longbow of Supernal Gnosis (weapon) {drain, Alch, Range}
   (You found it on level 4 of the Lair of Beasts)

   It has a curse which improves the following skills: Alchemy: Poison Magic and
   Transmutations.
   Ranged Combat: Ranged Weapons and Throwing.
Missiles
 j - 4 silver boomerangs
 C - 5 throwing nets
Armour
 a - the cursed scarf of Ashenzari's Dismay (worn) {repulsion, Range, Cun}
   (You bought it in a shop in a bazaar)

   It has a curse which improves the following skills: Ranged Combat: Ranged
   Weapons and Throwing.
   Cunning:   Dodging and Stealth.
 c - the cursed +0 pair of boots "Lashed Failure" (worn) {Dex+6, Self, Range}
   (You acquired it in a bazaar)

   Dex:       It affects your dexterity (+6).
   It has a curse which improves the following skills: Introspection: Fighting
   and Spellcasting.
   Ranged Combat: Ranged Weapons and Throwing.
 k - the cursed +0 helmet "Gnostic Restlessness" (worn) {Evo, Fort}
   (You found it on level 1 of the Dungeon)

   It has a curse which improves the following skills: Evocations: Evocations.
   Fortitude: Armour and Shields.
 o - the crystal ball of Wucad Mu {*channel}
   (You found it in a wizard's laboratory)

   *Channel:  It often returns the magic spent to cast spells, but lowers their
   success rate.
   It always returns the magic spent on miscasts.
 E - the cursed +0 pair of gloves of Ashenzari's Paranoia (worn) {Bglg, Range}
   (You found it on level 8 of the Dungeon)

   It has a curse which improves the following skills: Beguiling: Conjurations,
   Hexes and Translocations.
   Ranged Combat: Ranged Weapons and Throwing.
 O - the cursed +13 Cigotuvi's embrace (worn) {Corpsefed rMiasma Drain rN+, Self, Range}
   (You found it on level 13 of the Dungeon)

   Corpsefed: It gathers nearby corpses to temporarily increase the armour it
   provides.
   rMiasma:   It protects you from foul pestilence.
   rN:        It protects you from negative energy.
   Drain:     It drains your maximum health when unequipped.
   It has a curse which improves the following skills: Introspection: Fighting
   and Spellcasting.
   Ranged Combat: Ranged Weapons and Throwing.
Jewellery
 m - the cursed ring of Toth-Mos's Legacy (left hand) {Dex+6, Fort, Comp}
   (You found it on level 5 of the Dungeon)

   [ring of dexterity]

   Dex:       It affects your dexterity (+6).
   It has a curse which improves the following skills: Fortitude: Armour and
   Shields.
   Companions: Summonings and Necromancy.
 q - an amulet of guardian spirit
 v - a ring of wizardry
 z - the cursed ring "Per Aspera Ad Scientiam" (right hand) {rElec rPois Slay+4, Alch, Range}
   (You found it on level 7 of the Dungeon)

   [ring of slaying]

   Slay:      It affects your accuracy & damage with ranged weapons and melee
   (+4).
   rElec:     It insulates you from electricity.
   rPois:     It protects you from poison.
   It has a curse which improves the following skills: Alchemy: Poison Magic and
   Transmutations.
   Ranged Combat: Ranged Weapons and Throwing.
 L - a ring of resist corrosion
 Q - the cursed amulet of Ouranomancy (around neck) {Regen+, Cun, Range}
   (You found it on level 14 of the Dungeon)

   [amulet of regeneration]

   Regen:     It increases your rate of health regeneration.
   It has a curse which improves the following skills: Cunning: Dodging and
   Stealth.
   Ranged Combat: Ranged Weapons and Throwing.
 U - a ring of magical power
Wands
 g - a wand of paralysis (37)
 s - a wand of polymorph (15)
 u - a wand of iceblast (4)
 w - a wand of light (19)
 M - a wand of flame (11)
 P - a wand of digging (5)
 T - a wand of mindburst (19)
Scrolls
 b - 11 scrolls of immolation
 d - a scroll of brand weapon
 f - 2 scrolls of poison
 p - 9 scrolls of magic mapping
 r - 2 scrolls of torment
 t - 8 scrolls of enchant armour
 x - a scroll of amnesia
 y - 5 scrolls of fear
 A - 4 scrolls of teleportation
 B - 6 scrolls of fog
 N - 2 scrolls of summoning
 R - 4 scrolls of enchant weapon
 W - 2 scrolls of silence
 Y - 3 scrolls of blinking
Potions
 e - 2 potions of magic
 h - 8 potions of might
 i - 7 potions of mutation
 n - 15 potions of curing
 D - 2 potions of resistance
 J - 5 potions of ambrosia
 K - a potion of cancellation
Miscellaneous
 S - a condenser vane
 V - a lightning rod (4/4)


   Skills:
 O Level 27 Fighting
 + Level 23.9(27) Ranged Weapons
 * Level 16.6(20.0) Armour
 * Level 14.4(18.0) Dodging
 + Level 6.5(10.1) Stealth
 + Level 0.5(1.5) Evocations


You had 22 spell levels left.
You didn't know any spells.
Your spell library contained the following spells:

 Spells                   Type           Power      Damage    Failure   Level
 Beastly Appendage        Tmut           0%         N/A       41%         1
 Sting                    Tmut/Pois      0%         1d3       41%         1
 Magic Dart               Conj           0%         1d3       43%         1
 Slow                     Hex            0%         N/A       43%         1
 Foxfire                  Conj/Fire      0%         2x1d4     45%         1
 Shock                    Conj/Air       0%         1d3       45%         1
 Freeze                   Ice            0%         1d3       47%         1
 Sandblast                Erth           0%         2d4       47%         1
 Wereblood                Tmut           0%         N/A       54%         2
 Call Imp                 Summ           0%         N/A       56%         2
 Lesser Beckoning         Tloc           0%         N/A       56%         2
 Searing Ray              Conj           0%         2d4       56%         2
 Ensorcelled Hibernation  Hex/Ice        0%         N/A       58%         2
 Passwall                 Tmut/Erth      0%         N/A       58%         2
 Poisonous Vapours        Pois/Air       0%         N/A       58%         2
 Scorch                   Fire           0%         2d5       63%         2
 Spider Form              Tmut/Pois      0%         N/A       78%         3
 Confusing Touch          Hex            0%         N/A       80%         3
 Gell's Gravitas          Tloc           0%         N/A       80%         3
 Ignite Poison            Fire/Tmut/Pois 0%         N/A       80%         3
 Portal Projectile        Hex/Tloc       0%         N/A       80%         3
 Teleport Other           Tloc           0%         N/A       80%         3
 Tukima's Dance           Hex            0%         N/A       80%         3
 Vampiric Draining        Necr           0%         2d6       80%         3
 Mephitic Cloud           Conj/Pois/Air  0%         N/A       82%         3
 Hailstorm                Conj/Ice       0%         3d3       83%         3
 Inner Flame              Hex/Fire       0%         N/A       83%         3
 Vhi's Electric Charge    Tloc/Air       0%         N/A       83%         3
 Volatile Blastmotes      Fire/Tloc      0%         2d10      83%         3
 Frozen Ramparts          Ice            0%         1d1       85%         3
 Airstrike                Air            0%         2d(0-16)  99%         4
 Anguish                  Hex/Necr       0%         N/A       99%         4
 Animate Dead             Necr           0%         N/A       99%         4
 Dispel Undead            Necr           0%         3d6       99%         4
 Flame Wave               Conj/Fire      0%         2d4       99%         4
 Fulminant Prism          Conj/Hex       0%         3d5       99%         4
 Ice Form                 Ice/Tmut       0%         N/A       99%         4
 Iskenderun's Mystic Bla  Conj/Tloc      0%         2d3       99%         4
 Olgreb's Toxic Radiance  Pois           0%         N/A       99%         4
 Sticky Flame             Conj/Fire      0%         2d3       99%         4
 Arcjolt                  Conj/Air       0%         1d10      100%        5
 Blade Hands              Tmut           0%         N/A       100%        5
 Borgnjor's Vile Clutch   Necr/Erth      0%         N/A       100%        5
 Freezing Cloud           Conj/Ice/Air   0%         6-21      100%        5
 Lee's Rapid Deconstruct  Erth           0%         3d4*      100%        5
 Metabolic Englaciation   Hex/Ice        0%         N/A       100%        5
 Summon Forest            Summ/Tloc      0%         N/A       100%        5
 Death Channel            Necr           0%         N/A       100%        6
 Dispersal                Tloc           0%         N/A       100%        6
 Plasma Beam              Fire/Air       0%         2x1d11    100%        6
 Summon Cactus Giant      Summ           0%         N/A       100%        6
 Haunt                    Necr/Summ      0%         N/A       100%        7
 Malign Gateway           Summ/Tloc      0%         N/A       100%        7
 Summon Hydra             Summ           0%         N/A       100%        7
 Infestation              Necr           0%         N/A       100%        8
 Summon Horrible Things   Summ           0%         N/A       100%        8
 Sublimation of Blood     Necr           Unusable   N/A       N/A         2
 Cigotuvi's Dreadful Rot  Necr/Pois/Air  Unusable   N/A       N/A         2

Dungeon Overview and Level Annotations

Branches:
Dungeon (15/15)            Temple (1/1) D:4            Lair (5/5) D:11
 Shoals (4/4) Lair:3        Snake (4/4) Lair:2        Slime (0/5) Lair:4
    Orc (2/2) D:11            Elf (3/3) Orc:2        Vaults (4/5) D:13
  Crypt (0/3) Vaults:3     Depths (0/4) D:15        Ossuary (visited)
 Bailey (visited)           IceCv (visited)          WizLab (visited)
Gauntlet (visited)

Altars:
Ashenzari
Cheibriados
Dithmenos
Elyvilon
Fedhas
Gozag
Hepliaklqana
Kikubaaqudgha
Makhleb
Nemelex Xobeh
Okawaru
Qazlal
Ru
Sif Muna
Trog
Uskayaw
Vehumet
Wu Jian
Xom
Yredelemnul
Zin
The Shining One

Shops:
D:5 :   D:12 [   D:15 *   Orc:1 ?   Orc:2 (!=:   Elf:2 :   Elf:3 =   Shoals:1 (
Shoals:2 :   Snake:4 :[*   Vaults:3 [

Portals:
Abyss: Lair:3

Annotations:
Lair:3 2 transporters, edwardauron's ghost, journeyman SpHs
Elf:2 5 runed translucent doors


Innate Abilities, Weirdness & Mutations

You are immune to sickness and miasma.
Your stone body is resilient. (AC +17)
You are immune to poison.
Your large and strong wings let you fly.
You resist negative energy. (rN+)
You are resistant to electric shocks. (rElec)
You are resistant to unholy torment.
You are immune to petrification.
A frigid envelope surrounds you and freezes all who hurt you.
Your muscles are strong. (Str +4, Int/Dex -1)
You expend magic power (3 MP) to strengthen your wands.
[You have an uncontrollable temper.]
[Your body sometimes deteriorates upon taking damage.]
[You are very dopey. (Int -4)]
[You are very frail. (-20% HP)]
[You are very weak. (Str -4)]
[You occasionally lose the ability to read scrolls when taking damage.]


Message History

Press: ? - help, Q - select action, (/) - cycle Shift-Dir - straight line, f/p - deep elf master archer
Aim: a deep elf master archer, wielding a +0 longbow and wearing a +0 leather armour of poison resistance (severely wounded, lightly drained, 74% to hit)
You shoot an arrow.
The arrow hits the deep elf master archer but does no damage.
The deep elf master archer is severely wounded.
A chunk of your corpse armour falls away.
The deep elf master archer shoots an arrow.
The arrow hits you but does no damage.
A deep elf demonologist comes into view.
It is wielding a +1 heavy flail.
Fire: I) +2 longbow of Supernal Gnosis {drain, Alch, Range} (curse)
Press: ? - help, Q - select action, (/) - cycle Shift-Dir - straight line, f/p - deep elf master archer
Aim: a deep elf master archer, wielding a +0 longbow and wearing a +0 leather armour of poison resistance (severely wounded, lightly drained, 74% to hit)
You shoot an arrow.
The arrow hits the deep elf master archer!!
You kill the deep elf master archer!
Your shell of carrion and bone grows thicker.
The deep elf sorcerer casts a spell at you.
The bolt of acid misses you.
You feel the corruption within you wane somewhat.
Your urge to scream lessens.
Your urge to shout disappears.
You feel more energetic.
Fire: I) +2 longbow of Supernal Gnosis {drain, Alch, Range} (curse)
Press: ? - help, Q - select action, (/) - cycle Shift-Dir - straight line, f - deep elf annihilator
Aim: a deep elf annihilator, wielding a +0 quarterstaff and wearing a ring of resist corrosion (spells empowered, 77% to hit)
You shoot an arrow.
The arrow hits the deep elf annihilator!
The deep elf annihilator is lightly wounded.
The deep elf annihilator points at you and mumbles some strange words.
The poison arrow misses you.
The deep elf demonologist mumbles some strange words.
The deep elf high priest shoots an arrow.
The arrow completely misses you.
The deep elf sorcerer points at you and mumbles some strange words.
The sphere of damnation explodes!
The damnation engulfs you!!
You feel threatened and lose the ability to read scrolls!
* * * LOW HITPOINT WARNING * * *
You feel better.
The deep elf sorcerer points at you and mumbles some strange words.
The bolt of acid hits you!!
You die...

####...## *** *..# *** #...#
####..# ##.## #.#...# #.#
####..).# ### #1....[#* #
####### #......## # #.....#
##......5#
#######.....########ee1[....#
'.....'.....'...@).)e[[)...4#
########...#########e.[)#.###
## ##)#'####.....#'#### .##
#.##.##.......## #.##
#####'.........## ##.####
#.....))....#
##'#.#######.).........# #
#.....'...'..)[.......# #
#.....#####..........<#


You could see a Tzitzimitl (summoned), a deep elf annihilator (empowered), a
deep elf sorcerer (fast, empowered), a deep elf demonologist (empowered) and a
deep elf high priest (brilliance aura).

Vanquished Creatures
  Mara (Snake:4)
  Xtahua (Vaults:2)
  Vashnia (Snake:2)
  A deep elf blademaster (Elf:3)
  Mlioglotl (Shoals:3)
  Rupert (Lair:4)
  A deep elf master archer (Elf:3)
  3 tentacled starspawn (Abyss:3)
  An eldritch tentacle (Elf:2)
  3 sphinxes
  Agnes (Snake:3)
  Donald (Snake:2)
  Ilsuiw (Shoals:3)
  A frost giant (Shoals:4)
  5 deep elf sorcerers
  9 nagarajas
  10 vault wardens
  The ghost of Elinuc the Eclecticist, an adept DEHW of Sif Muna (Snake:1)
  Aizul (Snake:2)
  3 orc warlords
  4 deep elf elementalists (Elf:3)
  18 ironbound preservers
  9 ironbound thunderhulks
  2 very ugly things
  A deep elf demonologist (Elf:3)
  5 deep elf annihilators (Elf:3)
  9 dire elephants
  A red draconian (Abyss:2)
  An orange crystal statue (WizLab)
  3 eidola
  7 deep elf death magi
  Snorg (D:14)
  2 fire dragons (D:15)
  6 merfolk javelineers
  13 merfolk impalers
  Josephine (D:11)
  A deep elf high priest (Elf:3)
  5 yaktaur captains
  An entropy weaver (Vaults:2)
  2 rakshasas (D:14)
  A peacekeeper (Vaults:4)
  10 great orbs of eyes
  2 hydras
  10 vault guards
  A death knight (D:15)
  2 catoblepae
  9 ironbound frosthearts
  3 alligator snapping turtles
  6 merfolk avatars
  12 centaur warriors
  2 boulder beetles
  4 merfolk aquamancers
  8 two-headed ogres
  14 anacondas
  3 satyrs
  12 dancing weapons
  3 tengu warriors (D:13)
  18 naga sharpshooters
  15 naga warriors
  A hell hog (Abyss:3)
  Sonja (D:11)
  A soul eater (Abyss:3)
  10 shock serpents
  2 orc high priests
  Nergalle (Lair:1)
  A sun demon (D:14)
  24 deep elf knights
  4 hell knights (Abyss:3)
  5 skysharks
  2 wretched stars (Abyss:3)
  3 salamander mystics
  6 skeletal warriors
  19 sea snakes
  A spatial maelstrom (Abyss:3)
  4 naga ritualists
  18 ironbound convokers
  A bog body (IceCv)
  An obsidian statue (D:14)
  45 deep trolls
  3 orc knights (Vaults:1)
  17 lindwurms
  38 deep elf zephyrmancers
  2 phantasmal warriors
  6 wizards
  27 deep elf archers
  3 starcursed masses
  3 necromancers
  24 ugly things
  21 harpies
  14 mana vipers
  7 orc sorcerers
  32 deep elf pyromancers
  7 cyclopes
  10 fauns
  21 manticores
  11 merfolk sirens
  22 elephants
  2 ice statues (IceCv)
  7 guardian serpents
  Maurice (D:11)
  11 salamanders
  13 vault sentinels
  36 black mambas
  5 water nymphs
  14 naga magi
  A gargoyle (D:11)
  An orange demon (D:14)
  A smoke demon (Abyss:3)
  A titan simulacrum (Abyss:3)
  Joseph (D:7)
  A cane toad (shapeshifter) (D:15)
  2 large abominations (Abyss:3)
  2 unseen horrors
  A water nymph (shapeshifter) (Elf:3)
  11 cane toads
  A torpor snail (Lair:5)
  An efreet (D:11)
  5 kobold demonologists
  Maggie (D:6)
  8 komodo dragons
  17 yaktaurs
  An ancient zyme (Elf:3)
  5 rime drakes
  6 ice devils (IceCv)
  3 anaconda simulacra (IceCv)
  3 freezing wraiths
  2 red devils (D:14)
  8 trolls
  4 polar bears
  33 merfolk
  A tarantella (shapeshifter) (Elf:2)
  2 hornets
  Prince Ribbit (Bailey)
  12 wind drakes
  17 blink frogs
  15 snapping turtles
  3 dream sheep (Shoals:1)
  A culicivora (Vaults:2)
  41 slime creatures
  4 shadows
  9 air elementals
  3 jumping spiders (Elf:2)
  10 wraiths
  10 wyverns
  28 yaks
  4 humans (Bailey)
  11 water elementals
  11 basilisks
  3 fire elementals
  A death yak simulacrum (IceCv)
  6 vampire mosquitoes
  4 steam dragons
  A redback (Vaults:2)
  2 spatial vortices (Elf:2)
  2 chaos spawn
  40 nagas
  A warg (Orc:1)
  5 harpy simulacra (IceCv)
  An acid dragon (D:9)
  18 water moccasins
  2 hydra simulacra (IceCv)
  24 orc warriors
  An ice beast (D:5)
  A hornet zombie (D:8)
  A meliai simulacrum (D:10)
  4 ogres
  3 black bears
  5 wolves (Lair:2)
  14 centaurs
  4 phantoms
  21 bullfrogs
  7 kobold brigands
  2 gnoll sergeants
  2 two-headed ogre simulacra (IceCv)
  3 necrophages (Lair:2)
  6 water moccasin zombies (Ossuary)
  3 scorpions
  A cane toad simulacrum (IceCv)
  3 earth elementals
  17 wights
  4 wyvern zombies (D:8)
  7 killer bees
  5 howler monkeys
  2 electric eels (Lair:2)
  2 crimson imps (D:14)
  A quasit (D:14)
  A jelly (D:7)
  23 orc priests
  2 centaur zombies (D:8)
  2 hounds
  An iron imp (Abyss:3)
  Crazy Yiuf (D:3)
  Jessica (D:2)
  8 iguanas
  A hell rat (Lair:4)
  40 orc wizards
  A killer bee zombie (D:8)
  2 mummies (Ossuary)
  Robin (D:2)
  9 gnolls
  6 adders
  2 shadow imps
  5 white imps
  6 ufetubi
  6 adder zombies (Ossuary)
  2 worms (D:3)
  3 dart slugs
  70 orcs
  11 endoplasms
  3 giant cockroaches
  15 goblins
  9 hobgoblins
  4 jackals
  6 quokkas
  8 ball pythons
  9 bats
  2 frilled lizards
  5 gnoll zombies (Ossuary)
  5 hobgoblin zombies (Ossuary)
  30 kobolds
  3 kobold zombies (Ossuary)
  3 orc zombies (Ossuary)
  4 rats
  A lurking horror (Abyss:3)
1624 creatures vanquished.

Vanquished Creatures (others)
  A deep elf annihilator (Elf:3)
  A deep elf pyromancer (Elf:1)
  A salamander (Snake:4)
  2 orcs
  12 starspawn tentacles (Abyss:3)
17 creatures vanquished.

Grand Total: 1641 creatures vanquished

Notes
Turn   | Place    | Note
-------+----------+-------------------------------------------
     0 | D:1      | AlmostDecent the Gargoyle Hunter began the quest for the
                  | Orb.
     0 | D:1      | Reached XP level 1. HP: 12/12 MP: 1/1
   176 | D:1      | Reached XP level 2. HP: 18/18 MP: 2/2
   596 | D:1      | Reached XP level 3. HP: 22/22 MP: 3/3
  1117 | D:2      | Noticed Robin
  1165 | D:2      | Killed Robin
  1166 | D:2      | Reached skill level 5 in Ranged Weapons
  1167 | D:2      | Reached XP level 4. HP: 24/27 MP: 4/4
  1604 | D:2      | Noticed Jessica
  1608 | D:2      | Killed Jessica
  1609 | D:2      | Reached skill level 1 in Armour
  1849 | D:3      | Reached skill level 3 in Fighting
  1849 | D:3      | Reached XP level 5. HP: 16/32 MP: 5/5
  2219 | D:3      | Gained mutation: Your spells are a little harder to cast,
                  | but a little more powerful. [potion of mutation]
  2219 | D:3      | Gained mutation: You have a pair of small antennae on your
                  | head. [potion of mutation]
  2219 | D:3      | Gained mutation: You are vulnerable to heat. (rF-) [potion
                  | of mutation]
  2448 | D:3      | Lost mutation: You have a pair of small antennae on your
                  | head. [potion of mutation]
  2448 | D:3      | Lost mutation: Your spells are a little harder to cast, but
                  | a little more powerful. [potion of mutation]
  2448 | D:3      | Lost mutation: You are vulnerable to heat. (rF-) [potion of
                  | mutation]
  2448 | D:3      | Gained mutation: You expend magic power (3 MP) to
                  | strengthen your wands. [potion of mutation]
  2448 | D:3      | Gained mutation: A frigid envelope surrounds you and
                  | freezes all who hurt you. [potion of mutation]
  2448 | D:3      | Gained mutation: Your muscles are strong. (Str +4, Int/Dex
                  | -1) [potion of mutation]
  2894 | D:3      | Found a runed translucent door.
  2895 | D:3      | Noticed Crazy Yiuf
  2905 | D:3      | Killed Crazy Yiuf
  2906 | D:3      | Reached XP level 6. HP: 37/37 MP: 6/6
  2970 | D:4      | Found a radiant altar of Vehumet.
  3303 | D:4      | Reached XP level 7. HP: 35/42 MP: 7/7
  3393 | D:4      | Reached skill level 4 in Fighting
  3549 | D:4      | Found a shimmering altar of Xom.
  3627 | D:4      | Found a staircase to the Ecumenical Temple.
  3637 | Temple   | Entered the Ecumenical Temple
  3709 | Temple   | Became a worshipper of Ashenzari the Shackled
  3874 | D:4      | Found a glowing golden altar of the Shining One.
  4168 | D:5      | Entered Level 5 of the Dungeon
  4224 | D:5      | Reached XP level 8. HP: 39/48 MP: 8/8
  4366 | D:5      | Found Riohaid's Book Boutique.
  4685 | D:5      | Found a hazy altar of Hepliaklqana.
  4909 | D:6      | Found a sand-covered staircase.
  4920 | Ossuary  | Entered an ossuary
  5038 | Ossuary  | Reached skill level 5 in Fighting
  5317 | D:6      | Identified the +3 leather armour of Parlour Games {Str+2}
  5360 | D:6      | Found a shadowy altar of Dithmenos.
  5372 | D:6      | Reached skill level 10 in Ranged Weapons
  5372 | D:6      | Reached XP level 9. HP: 24/55 MP: 9/9
  5404 | D:6      | Reached * piety under Ashenzari
  5526 | D:6      | Noticed Maggie
  5565 | D:6      | Killed Maggie
  5566 | D:6      | Reached skill level 6 in Fighting
  6175 | D:6      | Found an opulent altar of Gozag.
  6392 | D:7      | Identified the ring "Jeutecat" {rElec rPois Slay+4}
  6452 | D:7      | Found a stormy altar of Qazlal.
  6465 | D:7      | Reached skill level 7 in Fighting
  6465 | D:7      | Reached XP level 10. HP: 63/63 MP: 10/10
  6512 | D:7      | Noticed Joseph
  6523 | D:7      | Killed Joseph
  6804 | D:7      | Reached ** piety under Ashenzari
  7031 | D:8      | Found a flagged portal.
  7140 | Bailey   | Entered a bailey
  7284 | Bailey   | Noticed Prince Ribbit
  7288 | Bailey   | Noticed a vault guard
  7301 | Bailey   | Killed Prince Ribbit
  7320 | Bailey   | Killed a vault guard
  7321 | Bailey   | Reached skill level 8 in Fighting
  7399 | Bailey   | Noticed a vault guard
  7442 | Bailey   | Killed a vault guard
  7443 | Bailey   | Reached XP level 11. HP: 50/69 MP: 11/11
  7681 | D:8      | Found an iron altar of Okawaru.
  7821 | D:8      | Reached skill level 5 in Armour
  7920 | D:8      | Found a basalt altar of Yredelemnul.
  8140 | D:8      | Found a burning altar of Makhleb.
  8235 | D:8      | Found a glowing silver altar of Zin.
  8240 | D:8      | Noticed an angel
  8246 | D:8      | Noticed an Executioner
  8487 | D:9      | Noticed a two-headed ogre
  8536 | D:9      | Noticed a two-headed ogre
  8542 | D:9      | Killed a two-headed ogre
  8684 | D:9      | Reached skill level 9 in Fighting
  8708 | D:9      | Killed a two-headed ogre
  8846 | D:9      | Found a snail-covered altar of Cheibriados.
  9100 | D:10     | Entered Level 10 of the Dungeon
  9137 | D:10     | Found an ancient bone altar of Kikubaaqudgha.
  9170 | D:10     | Found an ornate altar of the Wu Jian Council.
  9182 | D:10     | Reached *** piety under Ashenzari
  9221 | D:10     | Found a blossoming altar of Fedhas.
  9227 | D:10     | Noticed a two-headed ogre
  9236 | D:10     | Killed a two-headed ogre
  9259 | D:10     | Reached skill level 15 in Ranged Weapons
  9494 | D:10     | Reached **** piety under Ashenzari
  9502 | D:10     | Reached skill level 10 in Fighting
  9910 | D:10     | Found a sacrificial altar of Ru.
  9925 | D:10     | Reached XP level 12. HP: 77/77 MP: 12/12
 10138 | D:11     | Found a gate leading to a gauntlet.
 10164 | Gauntlet | Entered a Gauntlet
 10164 | Gauntlet | Noticed a thrashing horror
 10164 | Gauntlet | Noticed a thrashing horror
 10164 | Gauntlet | Found a transporter.
 10164 | Gauntlet | Found a transporter.
 10165 | Gauntlet | Found a transporter.
 10168 | Gauntlet | Found a transporter.
 10169 | Gauntlet | Found a transporter.
 10181 | Gauntlet | Found a transporter.
 10188 | Gauntlet | Found a transporter.
 10193 | Gauntlet | Found a transporter.
 10194 | Gauntlet | Found a transporter.
 10234 | Gauntlet | Noticed a quicksilver ooze
 10240 | Gauntlet | Found a transporter.
 10240 | Gauntlet | Identified the +2 helmet of the Vaults {+Inv rPois}
 10341 | Gauntlet | Found a transporter.
 10363 | Gauntlet | Found a transporter.
 10390 | D:11     | Found a staircase to the Orcish Mines.
 10415 | D:11     | Reached ***** piety under Ashenzari
 10572 | D:11     | Found a staircase to the Lair.
 10573 | D:11     | Noticed a two-headed ogre
 10579 | D:11     | Killed a two-headed ogre
 10659 | D:11     | Noticed Maurice
 10671 | D:11     | Killed Maurice
 10779 | D:11     | Noticed Josephine
 10792 | D:11     | Killed Josephine
 10803 | D:11     | Reached skill level 11 in Fighting
 11072 | D:11     | Noticed Sonja
 11082 | D:11     | Killed Sonja
 11335 | D:12     | Noticed a two-headed ogre
 11339 | D:12     | Killed a two-headed ogre
 11768 | D:12     | Reached skill level 12 in Fighting
 11957 | D:12     | Reached XP level 13. HP: 50/86 MP: 13/13
 12227 | D:12     | Found Utaawiho's Antique Armour Emporium.
 12547 | D:13     | HP: 4/87 [titanic slime creature (81)]
 12978 | D:13     | Reached skill level 13 in Fighting
 13113 | D:13     | Found a gate to the Vaults.
 13132 | D:13     | Found the +4 Cigotuvi's embrace {Corpsefed rMiasma Drain
                  | rN+}
 13561 | Lair:1   | Entered Level 1 of the Lair of Beasts
 13798 | Lair:1   | Noticed Nergalle
 13808 | Lair:1   | Killed Nergalle
 13957 | Lair:1   | Identified a scroll of acquirement
 14235 | Lair:1   | Acquired 1244 gold pieces
 14329 | Lair:2   | Reached skill level 14 in Fighting
 14404 | Lair:2   | Reached skill level 5 in Dodging
 14471 | Lair:2   | Found a frozen archway.
 14485 | IceCv    | Entered an ice cave
 15087 | IceCv    | Gained mutation: Your large and strong wings let you fly.
                  | [Gargoyle growth]
 15087 | IceCv    | Reached XP level 14. HP: 85/100 MP: 14/14
 15381 | Lair:2   | Reached skill level 15 in Fighting
 15418 | Lair:2   | Found a staircase to the Snake Pit.
 16114 | Lair:3   | Found a staircase to the Shoals.
 16117 | Lair:3   | Identified the +6 great sword "AlmostDecent's Bane" {flame,
                  | Fly rElec}
 16289 | Lair:3   | Found a one-way gate to the infinite horrors of the Abyss.
 16289 | Lair:3   | Noticed edwardauron's ghost (journeyman SpHs)
 16301 | Lair:3   | Found a transporter.
 16305 | Lair:3   | Found a transporter.
 17078 | Lair:4   | Noticed Rupert
 17109 | Lair:4   | Found a staircase to the Slime Pits.
 17171 | Lair:4   | Killed Rupert
 17248 | Lair:4   | Found a runed translucent door.
 17293 | Lair:4   | Noticed a dire elephant
 17323 | Lair:4   | Killed a dire elephant
 17508 | Lair:5   | Entered Level 5 of the Lair of Beasts
 17528 | Lair:5   | Reached skill level 16 in Fighting
 17742 | Lair:5   | Reached XP level 15. HP: 108/108 MP: 15/15
 18710 | Orc:1    | Entered Level 1 of the Orcish Mines
 18742 | Orc:1    | Noticed an orc warlord
 18746 | Orc:1    | Reached skill level 17 in Fighting
 18875 | Orc:1    | Killed an orc warlord
 18897 | Orc:1    | Found Iwanexoc's Magic Scroll Emporium.
 18948 | Orc:1    | Bought a scroll of summoning for 161 gold pieces
 19231 | Orc:2    | Entered Level 2 of the Orcish Mines
 19244 | Orc:2    | Paralysed by an orc sorcerer for 5 turns
 19419 | Orc:2    | Found Dangeuc's Book Boutique.
 19419 | Orc:2    | Found Jueckala's Jewellery Boutique.
 19422 | Orc:2    | Found Bacsay's Antique Weapon Shop.
 19425 | Orc:2    | Found Ridgh's Distillery.
 19440 | Orc:2    | Bought 2 potions of haste for 340 gold pieces
 19440 | Orc:2    | Bought 2 potions of heal wounds for 170 gold pieces
 19440 | Orc:2    | Bought a potion of haste for 170 gold pieces
 19745 | Orc:2    | Found a staircase to the Elven Halls.
 21011 | D:14     | Noticed Snorg
 21070 | D:14     | Killed Snorg
 21071 | D:14     | Reached skill level 10 in Armour
 21183 | D:15     | Entered Level 15 of the Dungeon
 21214 | D:15     | Found Ciuteirph's Demolitions Depot.
 21299 | D:15     | Reached XP level 16. HP: 113/118 MP: 16/16
 21304 | D:15     | Reached skill level 18 in Fighting
 21355 | D:15     | Found a staircase to the Depths.
 21929 | D:15     | Identified the Information on the Non-Euclidean Tundra
 22194 | Snake:1  | Entered Level 1 of the Snake Pit
 22214 | Snake:1  | Found a runed translucent door.
 22215 | Snake:1  | Noticed Elinuc's ghost (adept DEHW)
 22229 | Snake:1  | Reached skill level 5 in Stealth
 22240 | Snake:1  | Killed Elinuc's ghost
 22245 | Snake:1  | Identified the Catalogue of Congealing Dark Acts
 22703 | Snake:1  | Reached skill level 19 in Fighting
 22850 | Snake:2  | Noticed Donald
 22867 | Snake:2  | Killed Donald
 23206 | Snake:2  | Identified the +0 robe "Gedeont" {Int+3 Dex+3 Slay+5}
 23259 | Snake:2  | Noticed Vashnia
 23280 | Snake:2  | Killed Vashnia
 23411 | Snake:2  | Noticed Aizul
 23428 | Snake:2  | Killed Aizul
 23739 | Snake:3  | Noticed Agnes
 23753 | Snake:3  | Killed Agnes
 23805 | Snake:3  | Reached XP level 17. HP: 128/128 MP: 17/17
 23942 | Snake:3  | Reached skill level 20 in Fighting
 24633 | Snake:4  | Entered Level 4 of the Snake Pit
 24662 | Snake:4  | Found Tamekuc's Book Boutique.
 24759 | Snake:4  | Found Ecakhliri's Neck Hole.
 24775 | Snake:4  | Found a flickering gateway to a bazaar.
 24834 | Bazaar   | Entered a bazaar
 24923 | Bazaar   | Found Oziruop's Weapon Emporium.
 24931 | Bazaar   | Found Gaar Cymuwn's General Store.
 24972 | Bazaar   | Found Lesyst's Book Shoppe.
 24980 | Bazaar   | Found Erydozy's Magic Scroll Boutique.
 25189 | Snake:4  | Noticed Mara
 25195 | Snake:4  | Noticed AlmostDecent's illusion
 25203 | Snake:4  | Killed Mara
 25204 | Snake:4  | Reached skill level 21 in Fighting
 25207 | Snake:4  | Found Fubboop's Armour Emporium.
 25557 | Snake:4  | Reached XP level 18. HP: 136/136 MP: 18/18
 25900 | Snake:4  | Got a serpentine rune of Zot
 26216 | Shoals:1 | Entered Level 1 of the Shoals
 26281 | Shoals:1 | Reached skill level 10 in Dodging
 26829 | Shoals:1 | Found Zigir's Antique Weapon Shoppe.
 26910 | Shoals:1 | Found a runed translucent door.
 27146 | Shoals:1 | Reached skill level 22 in Fighting
 27153 | Shoals:1 | Reached ****** piety under Ashenzari
 27232 | Shoals:2 | Identified the +1 mace "Esiushui" {speed, Will+ Int-5 Dex+3
                  | Stlth+}
 27434 | Shoals:2 | Found Coekemul's Vocational Training.
 27874 | Shoals:3 | Noticed Mlioglotl
 27893 | Shoals:3 | Noticed a bone dragon
 27893 | Shoals:3 | Killed Mlioglotl
 28123 | Shoals:3 | Noticed Ilsuiw
 28181 | Shoals:3 | HP: 7/140 [merfolk impaler/+1 trident of venom[Ilsuiw] (4)]
 28531 | Shoals:3 | Killed Ilsuiw
 28679 | Shoals:3 | Reached XP level 19. HP: 144/145 MP: 19/19
 28926 | Shoals:4 | Entered Level 4 of the Shoals
 29266 | Shoals:4 | Reached skill level 23 in Fighting
 29319 | Shoals:4 | Got a barnacled rune of Zot
 29770 | Shoals:4 | Identified the +0 robe of the Garden {Str+3}
 30398 | Vaults:1 | Entered Level 1 of the Vaults
 30423 | Vaults:1 | Found a flickering gateway to a bazaar.
 30432 | Bazaar   | Entered a bazaar
 30436 | Bazaar   | Found Kitum's Jewellery Boutique.
 30458 | Bazaar   | Found Fufen's Armour Emporium.
 30479 | Bazaar   | Found Ollukui's Book Boutique.
 30499 | Bazaar   | Found Deckauz's Assorted Antiques.
 30544 | Bazaar   | Bought a runed scarf for 208 gold pieces
 31060 | Vaults:1 | Reached XP level 20. HP: 153/153 MP: 20/20
 31352 | Vaults:1 | Reached skill level 24 in Fighting
 31983 | Vaults:2 | Identified the +2 broad axe of the Beginning {protect, rC+
                  | Int+3}
 32072 | Vaults:2 | Found a flickering gateway to a bazaar.
 32082 | Bazaar   | Entered a bazaar
 32082 | Bazaar   | Found Gyez's Magic Scroll Boutique.
 32082 | Bazaar   | Found Olymil's Book Boutique.
 32151 | Bazaar   | Bought a scroll of acquirement for 468 gold pieces
 32162 | Bazaar   | Found Assaos's Antique Armour Emporium.
 32173 | Bazaar   | Found Cihuceti's General Store.
 32181 | Bazaar   | Found Kaphod's Antique Weapon Shop.
 32203 | Bazaar   | Acquired the +0 pair of boots of the Ancient Defenders
                  | {Dex+6}
 32221 | Bazaar   | Bought a scroll of enchant armour for 67 gold pieces
 32221 | Bazaar   | Bought a scroll of teleportation for 27 gold pieces
 32221 | Bazaar   | Bought a scroll of enchant weapon for 67 gold pieces
 32221 | Bazaar   | Bought a scroll of brand weapon for 85 gold pieces
 32373 | Vaults:2 | Found a magical portal.
 32380 | WizLab   | Entered Wucad Mu's Monastery
 32481 | WizLab   | Found the crystal ball of Wucad Mu {*channel}
 32988 | Vaults:2 | Noticed Xtahua
 32999 | Vaults:2 | Killed Xtahua
 33097 | Vaults:2 | Identified the +12 morningstar "Orb Guardian's Death"
                  | {vamp, rF+ rN+}
 33133 | Vaults:2 | Reached skill level 25 in Fighting
 33509 | Vaults:3 | Found Xefom's Antique Armour Shoppe.
 33730 | Vaults:3 | Reached XP level 21. HP: 122/163 MP: 21/21
 33870 | Vaults:3 | Reached skill level 26 in Fighting
 34396 | Vaults:3 | Paralysed by a sphinx for 4 turns
 34484 | Vaults:3 | Found a staircase to the Crypt.
 35060 | Vaults:4 | Identified the +7 quarterstaff of Joyful Slaughter {venom,
                  | *Corrode rF+ rC+++ Int+3}
 35149 | Vaults:4 | Reached skill level 15 in Armour
 35406 | Vaults:4 | Reached skill level 27 in Fighting
 36013 | Vaults:4 | Reached XP level 22. HP: 169/169 MP: 22/22
 36242 | Elf:1    | Entered Level 1 of the Elven Halls
 36805 | Elf:1    | Paralysed by an air elemental for 1 turns
 37443 | Elf:2    | Found Woiveuta's Book Shoppe.
 37447 | Elf:2    | Reached XP level 23. HP: 175/175 MP: 23/23
 37849 | Elf:2    | Identified the Almanac of Superposition
 38002 | Elf:2    | Found a huge runed translucent gate.
 38002 | Elf:2    | Found a huge runed translucent gate.
 38002 | Elf:2    | Found a huge runed translucent gate.
 38002 | Elf:2    | Found a huge runed translucent gate.
 38002 | Elf:2    | Found a huge runed translucent gate.
 38245 | Elf:3    | Entered Level 3 of the Elven Halls
 38260 | Elf:3    | Found Jotrys's Jewellery Boutique.
 38738 | Elf:3    | Identified the Papyrus of Hoarfrost
 38739 | Elf:3    | Identified Quucvedovo's Precepts of the Pyromaniac
 38773 | Elf:3    | Identified Xippobin's Papyrus of Turbulence
 38804 | Elf:3    | Identified the Discourse on the Xenolith
 39222 | Abyss:2  | Cast into level 2 of the Abyss (a deep elf sorcerer)
 39241 | Abyss:3  | Found a corrupted altar of Lugonu.
 39245 | Abyss:3  | Found a corrupted altar of Lugonu.
 39249 | Abyss:3  | Found a corrupted altar of Lugonu.
 39284 | Abyss:3  | Found a corrupted altar of Lugonu.
 39312 | Abyss:3  | Found a corrupted altar of Lugonu.
 39573 | Elf:3    | Escaped the Abyss
 39592 | Elf:3    | Killed from afar by a deep elf sorcerer

Illustrated notes

Levels and vault maps discovered:
D:1:      lightli_arrival_flooded_house, layout_loops_corners
D:2:      layout_basic, uniq_robin, uniq_jessica
D:3:      layout_loops_corners, uniq_crazy_yiuf_cottage
D:4:      layout_loops_cross, xom_teletrap_fun,
          mainiacjoe_overflow_concentric_impassable,
          nicolae_overflow_hidden_temple, lemuel_temple_firewalk_b
D:5:      layout_cave_pools, worldfamousw_hep_ancestral_shrine, serial_shops,
          nicolae_shop_hallway_plus, hex_tiny
D:6:      layout_cave_pools, lemuel_tele_altar,
          nicolae_dithmenos_through_a_glass_darkly,
          lightli_ossuary_entry_decrepit_ruins, serial_column_ruins,
          column_ruins_hut_ruined, column_ruins_columns_corner,
          column_ruins_open_small, column_ruins_open_tiny,
          kennysheep_generic_room_14, uniq_maggie
D:7:      layout_rooms, nicolae_qazlal_general_emergency, minmay_diced_spiral,
          uniq_joseph
D:8:      layout_basic, grunt_temple_overflow_order_and_chaos_2,
          nicolae_yredelemnul_corpse_copse, lemuel_crystal_altar,
          lightli_bailey_entry_fortress, hangedman_decor_growths
D:9:      layout_basic, cheibriados_altar_1, nrook_mini_vaults,
          grunt_ministairs_7
D:10:     minmay_skewed_foursquare, layout_gridville,
          mainiacjoe_overflow_boulevard, kennysheep_mini_moat,
          nicolae_ru_awakened_eye, old_standard_altar, minmay_circle_x
D:11:     layout_stronghold, lair_entry_dummy, orc_0_dummy,
          gauntlet_entry_generic, serial_column_ruins,
          column_ruins_columns_straight, column_ruins_open_tiny,
          column_ruins_open_small, column_ruins_grid_1, column_ruins_grid_4,
          uniq_josephine, uniq_maurice, uniq_sonja
D:12:     layout_roguey, nicolae_take_the_stairs, minmay_misc_feat_hallway
D:13:     layout_loops_ring, david_vaults_1
D:14:     layout_loops_ring, hangedman_devilish_allure, uniq_snorg
D:15:     grunt_enter_depths_hoard, layout_basic, nicolae_twisting_strands,
          serial_rivers, chequers_serial_rivers_micro_e,
          chequers_serial_rivers_large_a, chequers_serial_rivers_micro_e,
          chequers_serial_rivers_small_b, nicolae_blasting_shop
Temple:   nicolae_temple_superstar
Lair:1:   layout_loops_ring, uniq_nergalle
Lair:2:   layout_small_grid, guppyfry_snake_entry_island, portal_ice_cave_rime,
          roderic_carrion_pond, grunt_megastairs_3, serial_bayou_shore_a
Lair:3:   layout_cave_shapes, shoals_dummy_entry, gammafunk_ghost_abyssal_escape
Lair:4:   gammafunk_lair_enchanted_lake, layout_gridlike, slime_entry_1,
          uniq_rupert
Lair:5:   gammafunk_lair_ancient_temple, layout_long_grid
Shoals:1: layout_shoals, serial_shops, shop, nicolae_shoals_lost_giant_pillars,
          lightli_airlock
Shoals:2: layout_shoals, nicolae_shop_vocational
Shoals:3: layout_shoals, ldierk_geyser, argonaut_gorgonesque, uniq_mlioglotl,
          uniq_ilsuiw
Shoals:4: shoals_end_grunt_ice, layout_shoals, shoals_ilsuiw_alternative
Snake:1:  layout_cave_shapes, ebering_ghost_inner_flame, nicolae_snake_springs
Snake:2:  layout_rooms, nicolae_large_snake_swirl, uniq_vashnia, uniq_donald,
          uniq_aizul
Snake:3:  layout_rooms, grunt_megastairs_4, uniq_agnes
Snake:4:  grunt_snake_rune_pools, layout_misc_corridors, serial_shops,
          bzr_in_the_mist, nicolae_shop_tiny_statue_garden,
          nicolae_diamond_shop, nicolae_shop_sticking_my_neck_out, uniq_mara
Orc:1:    layout_caves, serial_shops, shop
Orc:2:    st_orc_mages, layout_caves
Elf:1:    elf_arrival_001, layout_loops_corners, minivault_28
Elf:2:    elven_hall_of_blades_hangedman_alternative
          [nicolae_blade_entry_hurt_lockers], layout_gridlike, serial_shops,
          shop, hangedman_research_quantum
Elf:3:    minmay_elf_hall_x, layout_geoelf_octagon, serial_shops, shop,
          nicolae_elf_elemental_lessons
Vaults:1: grunt_vaults_hallway_short, nicolae_vaults_closet_pinwheel_3,
          nicolae_vaults_trapezoid_lopsided_3, vaults_room_pool, v_misc_23,
          nicolae_vaults_alarming, vaults_dpeg_hooks,
          nicolae_vaults_double_plus_1, nicolae_vaults_angled_halls,
          nicolae_vaults_security_offices_6,
          nicolae_vaults_windows_and_doors_thing, layout_vaults_big_room,
          serial_shops, bzr_entry_water
Vaults:2: infiniplex_enter_wizlab_spiral, vaults_room_door_hall, v_misc_4,
          ontoclasm_vaults_tryst, nicolae_vaults_stand_back, vaults_room_pool,
          nicolae_vaults_tetromino_Z_1, ontoclasm_vaults_fault,
          layout_vaults_maze, serial_shops, bzr_entry_islet, uniq_xtahua
Vaults:3: v_rooms_5, minmay_crypt_entry_simple_plaza,
          nicolae_vaults_double_plus_1, hangedman_vaults_hat,
          nicolae_vaults_angled_halls, hangedman_vaults_corner,
          vaults_mumra_minichess_inversion, nicolae_vaults_oval_intersection,
          nicolae_vaults_house_1, vaults_room_ringed_pool,
          nicolae_vaults_twisting_passages, nicolae_vaults_little_squares_2,
          vaults_dpeg_cross, layout_vaults_omnicross, serial_shops, shop
Vaults:4: nicolae_vaults_rhombus_6, ontoclasm_vaults_spin,
          vaults_dpeg_encased_lava, nicolae_vaults_rhombus_5, vaults_mumra_hex,
          nicolae_vaults_little_squares_3, v_pattern_4,
          nicolae_vaults_turnstiles, hangedman_vaults_maws,
          layout_vaults_omnigrid

Skill      XL: |  1  2  3  4  5  6  7  8  9 10 11 12 13 14 15 16 17 18 19 20 21 22 23 |
---------------+----------------------------------------------------------------------+-----
Ranged Weapons | 5 6 7 8 10 11 14 15 16 17 18 19 20 21 22 23 | 23.9
Armour         | 1 2 3 4 5 6 7 8 10 11 12 13 14 15 16 | 16.6
Fighting       | 3 4 5 7 8 10 12 14 16 17 19 21 22 23 25 27 | 27.0
Dodging        | 2 3 4 5 6 7 8 9 10 11 12 13 14 | 14.4
Stealth        | 2 3 4 5 6 |  6.5
Evocations     | |  0.5

Action                     |  1- 3 |  4- 6 |  7- 9 | 10-12 | 13-15 | 16-18 | 19-21 | 22-24 || total
---------------------------+-------+-------+-------+-------+-------+-------+-------+-------++-------
   Fire: Shortbow          |   109 |   167 |   454 |   671 |   737 |       |       |       ||  2138
         Longbow           |       |       |       |       |   588 |  1349 |  1486 |   830 ||  4253
 Invoke: Curse Item        |       |       |     2 |     6 |     2 |     1 |     1 |     1 ||    13
         Shatter the Chain |       |       |       |       |     2 |       |     2 |       ||     4
  Evoke: Phantom mirror    |       |       |       |       |       |     1 |       |       ||     1
    Use: Potion            |     2 |     5 |     2 |     3 |     3 |    10 |     3 |    10 ||    38
         Scroll            |     1 |     7 |     2 |     2 |     6 |     2 |     9 |     5 ||    34
 Armour: Leather armour    |    31 |    19 |    24 |       |   238 |   311 |   262 |   127 ||  1012
         Ring mail         |       |       |    84 |   110 |    25 |       |       |       ||   219
  Dodge: Dodged            |    46 |    31 |   138 |   141 |   453 |   612 |   699 |   583 ||  2703
         Repelled          |       |       |       |       |       |       |     5 |    19 ||    24
